Map: Apotheosis LE

Players

Jmac - Winner!

  • Race: Zerg Zerg
  • League: Gold
  • Spawn Location: 5:00

Fropez

  • Race: Protoss Protoss
  • League: Gold
  • Spawn Location: 11:00

VOD

Have the link to the VOD?

Description

Time

  • Played on: Aug. 5, 2016, 12:14 p.m.
  • Length: 10:21
Show
View Real Time Build Order
Export as new Build Order

Jmac Zerg - Winner!

Build Orders: Hatch First 

Get SALT Encoding   

  12  0:01  Drone  
  13  0:13  Overlord  
  13  0:17  Drone  
  14  0:31  Drone x2  
  14  0:35  Drone  
  17  0:54  Hatchery  
  16  0:59  Drone  
  16  1:00  Drone  
  18  1:04  Extractor  
  18  1:07  Drone  
  18  1:21  Spawning Pool  
  18  1:24  Drone  
  18  1:32  Drone  
  19  1:39  Overlord  
  19  1:54  Drone  
  20  2:04  Drone  
  21  2:13  Drone x2  
  21  2:15  Queen x2  
  23  2:17  Metabolic Boost  
  23  2:21  Zergling x2  
  28  2:23  Zergling x2  
  29  2:30  Drone  
  29  2:36  Drone  
  31  2:38  Drone  
  32  2:46  Drone  
  32  2:51  Queen  
  33  2:54  Overlord  
  33  2:55  Overlord  
  35  3:01  Drone  
  36  3:13  Drone x2  
  36  3:15  Drone  
  39  3:36  Drone x3  
  42  3:46  Lair  
  42  3:55  Roach Warren  
  42  4:00  Overlord x2, Hatchery  
  42  4:02  Zergling x6  
  43  4:03  Zergling x8  
  43  4:08  Extractor  
  46  4:11  Extractor  
  46  4:12  Drone x3  
  46  4:13  Evolution Chamber x2  
  46  4:16  Drone  
  47  4:34  Drone x2  
  47  4:35  Drone x4  
  47  4:38  Roach x2  
  55  4:39  Roach  
  59  4:57  Glial Reconstitution  
  59  5:10  Overlord x2  
  59  5:20  Zerg Missile Weapons Level 1  
  59  5:24  Zerg Ground Armor Level 1  
  59  5:26  Drone x2  
  59  5:27  Drone  
  62  5:31  Roach x2  
  62  5:33  Roach  
  68  5:39  Extractor  
  67  5:47  Drone  
  67  5:48  Roach  
  67  5:49  Roach x4  
  78  6:01  Overseer  
  78  6:12  Queen  
  80  6:29  Roach x5  
  80  6:31  Overlord x4  
  80  6:32  Overlord x2  
  90  6:49  Roach x10  
  90  6:50  Roach x2  
  90  6:51  Overlord x3  
  114  7:04  Roach  
  114  7:05  Roach x2  
  120  7:09  Roach x5  
  130  7:26  Roach  
  130  7:27  Roach x4  
  123  7:58  Roach  
  123  8:05  Queen  
  122  8:16  Drone x9  
  125  8:45  Overlord x2  
  125  8:47  Queen  
  127  8:54  Roach  
  127  8:55  Roach x6  
  141  9:18  Drone x10  
  141  9:19  Drone  
  150  9:29  Ravager x3  
  153  9:32  Ravager  
  153  9:36  Overlord x2  
Show
View Real Time Build Order
Export as new Build Order

Fropez Protoss 

Build Orders:  

Get SALT Encoding   

  12  0:10  Pylon  
  12  0:13  Probe (Chrono Boost)  
  13  0:24  Probe (Chrono Boost)  
  14  0:34  Gateway  
  14  0:36  Probe (Chrono Boost)  
  15  0:44  Assimilator  
  15  0:47  Probe (Chrono Boost)  
  16  0:57  Probe (Chrono Boost)  
  17  1:08  Probe (Chrono Boost)  
  19  1:18  Probe (Chrono Boost)  
  19  1:24  Cybernetics Core  
  19  1:29  Probe (Chrono Boost)  
  20  1:39  Probe (Chrono Boost)  
  21  1:50  Probe (Chrono Boost)  
  22  1:57  Nexus  
  22  2:07  Pylon  
  22  2:08  Pylon  
  22  2:09  Probe (Chrono Boost)  
  23  2:18  Assimilator  
  23  2:24  Warp Gate (Chrono Boost)  
  23  2:25  Adept, Probe  
  26  2:33  Gateway  
  26  2:37  Probe  
  27  2:49  Probe  
  27  2:50  Gateway  
  28  3:01  Probe  
  29  3:07  Probe  
  29  3:10  Twilight Council  
  30  3:15  Pylon  
  30  3:18  Probe  
  30  3:19  Mothership Core  
  33  3:36  Adept  
  33  3:39  Adept  
  37  3:42  Adept  
  37  3:46  Probe x2  
  41  3:56  Pylon, Probe  
  41  3:59  Probe  
  43  4:07  Probe  
  44  4:24  Assimilator  
  44  4:25  Resonating Glaives (Chrono Boost)  
  44  4:27  Assimilator  
  44  4:31  Robotics Facility  
  44  4:32  Probe x2  
  46  4:46  Gateway x2  
  46  4:48  Probe  
  46  4:49  Gateway  
  46  4:50  Probe  
  48  4:59  Probe  
  48  5:02  Forge  
  48  5:05  Probe  
  48  5:06  Pylon  
  50  5:10  Probe  
  50  5:12  Gateway  
  51  5:26  Warp Prism (Chrono Boost)  
  53  5:31  Probe  
  53  5:35  Probe  
  54  5:39  Protoss Ground Weapons Level 1 (Chrono Boost)  
  55  5:46  Probe  
  56  5:50  Adept x2  
  56  5:51  Adept  
  56  5:54  Adept x3  
  68  6:02  Probe  
  68  6:03  Probe  
  69  6:09  Photon Cannon  
  69  6:10  Observer  
  71  6:12  Charge  
  71  6:13  Probe  
  72  6:18  Pylon  
  72  6:19  Probe  
  72  6:21  Pylon  
  72  6:23  Probe  
  74  6:26  Pylon  
  74  6:32  Stalker x2  
  78  6:50  Gateway  
  78  6:57  Adept x4  
  78  6:58  Adept x3  
  90  7:23  Adept  
  90  7:24  Adept x4  
  90  7:25  Adept  
  70  8:12  Adept x4  
  68  8:13  Adept x4  
  62  8:42  Immortal (Chrono Boost)  
  66  8:54  Robotics Facility  
  66  8:58  Nexus  
  66  9:01  Assimilator  
  66  9:05  Assimilator  
  66  9:06  Gateway  
  66  9:08  Pylon  
  66  9:10  Gateway  
  66  9:11  Pylon  
  66  9:14  Pylon, Gateway, Zealot x5  
  66  9:16  Pylon  
  73  9:34  Sentry  
  73  9:35  Sentry x2  
  79  9:40  Immortal  
  79  9:42  Immortal  
  87  9:50  Sentry x2  
  87  9:51  Sentry  
  84  10:07  Zealot x3  
  88  10:17  Zealot x3  
Tags
 
League
GoldGold
Matchup
PvZ
Replay Pack
All Mines
Spawn Locations
Cross Positions
Add a new tag
Caveats
  • Supply blocks, unpowered buildings, or Contaminate may cause inaccurate times.
  • Supply counts are checked every 10 seconds.